 Seeded DCSS version 0.28.0-62-gf88900778d (webtiles) character file.

Game seed: 14352712127547868932 (custom seed)

46 cbfl8 the Skirmisher (level 3, 0/29 HPs)
             Began as a Demonspawn Fighter on July 2, 2023.
             Frozen to death by an endoplasm (1 damage)
             ... on level 3 of the Dungeon.
             The game lasted 00:01:44 (1407 turns).

cbfl8 the Skirmisher (Demonspawn Fighter)           Turns: 1407, Time: 00:01:45

Health: 0/29       AC:  7    Str: 13 (16) XL:     3   Next: 46%
Magic:  3/3        EV:  8    Int:  7 (9)  God:
Gold:   96         SH:  8    Dex: 11 (14) Spells: 2/2 levels left

rFire   . . .      SeeInvis .   a - +0 war axe
rCold   . . .      Faith    .   c - +0 buckler
rNeg    . . .      Spirit   .   b - +0 scale mail
rPois   .          Reflect  .   (no helmet)
rElec   .          Harm     .   (no cloak)
rCorr   .          Rampage  .   j - +0 pair of gloves
Will    .....                   (no boots)
Stlth   ..........              (no amulet)
HPRegen 0.09/turn               (no ring)
MPRegen 0.08/turn               (no ring)

@: mighty
A: condensation shield, weakness stinger 1
a: no special abilities


You were on level 3 of the Dungeon.
You visited 1 branch of the dungeon, and saw 3 of its levels.

You collected 96 gold pieces.

Inventory:

Hand Weapons
 a - a +0 war axe (weapon)
Armour
 b - a +0 scale mail (worn)
 c - a +0 buckler (worn)
 j - a +0 pair of gloves (worn)
Scrolls
 f - a scroll of enchant weapon
 g - a scroll of summoning
Potions
 k - a potion of degeneration


   Skills:
 + Level 3.1 Fighting
 * Level 2.4 Axes
 + Level 2.9 Armour
 * Level 0.5 Dodging
 * Level 0.3 Stealth
 + Level 2.8 Shields
 * Level 0.7 Invocations
 * Level 1.0 Evocations


You had 2 spell levels left.
You didn't know any spells.
Your spell library contained the following spells:

 Spells                   Type           Power      Damage    Failure   Level
 Shock                    Conj/Air       0%         1d3       95%         1
 Gell's Gravitas          Tloc           0%         N/A       100%        3
 Lesser Beckoning         Tloc           0%         N/A       100%        3
 Swiftness                Air            0%         N/A       100%        3
 Teleport Other           Tloc           0%         N/A       100%        3
 Airstrike                Air            0%         N/A       100%        4


Dungeon Overview and Level Annotations

Branches:
Dungeon (3/15)

Altars:
Nemelex Xobeh
Okawaru


Innate Abilities, Weirdness & Mutations

A meltable shield of frost defends you. (SH +4)
You have a small tail.


Message History

You miss the frilled lizard. You block the frilled lizard's attack.
You slash the frilled lizard!
You kill the frilled lizard!
The kobold throws a poisoned dart.
The poisoned dart hits you.
You are poisoned.
There is a sparkling altar of Nemelex Xobeh here.
You feel sick.
You see here a book of Displacement.
You pick up a book of Displacement and begin reading...
You add the spells Lesser Beckoning, Gell's Gravitas and Teleport Other to your library.
You feel sick.
You feel very mighty all of a sudden.
You feel sick.
A dart slug comes into view.
The kobold throws a poisoned dart.
You block the poisoned dart.
A worm comes into view.
Your extra speed is starting to run out.
You feel sick. The kobold hits you but does no damage.
You see here 19 stones.
You slash the kobold!
You kill the kobold!
You feel sick.
You feel sick.
You are no longer poisoned.
The rat barely misses you.
Things that are here:
a +0 whip; 5 poisoned darts; a kobold corpse You completely miss the worm.
You hit the rat.
You kill the rat!
Your Evocations skill increases to level 1!
You slash the worm! You tail-slap the worm!
You kill the worm!
You barely miss the endoplasm. The endoplasm freezes you.
You are frozen.
* * * LOW HITPOINT WARNING * * *
You feel yourself slow down. The endoplasm freezes you.
You are frozen.
You die...

#. #.##
.####.##..########
.................
##...≈.≈≈≈.≈≈≈.≈.
#....≈...≈.≈...≈.
#....≈≈≈.≈.≈.≈≈≈...
#......≈.≈.≈.≈....#
#...._..@w†.w.._..#
#.#...†≈J≈.≈.≈...## #
##.≈≈≈.≈.≈.≈≈≈..#.#
#.≈...≈.≈...≈....#
#.##.≈.≈≈≈.≈≈≈.≈.....
#.................#
##############...[#
#####


You could see a worm, a dart slug and an endoplasm.

Vanquished Creatures
  An adder (D:2)
  A worm (D:3)
  2 dart slugs
  2 bats (D:1)
  An endoplasm (D:1)
  A giant cockroach (D:1)
  4 goblins
  A hobgoblin (D:2)
  2 kobolds
  8 ball pythons
  5 frilled lizards
  5 rats
33 creatures vanquished.

Vanquished Creatures (others)
  21 plants (D:2)
21 creatures vanquished.

Grand Total: 54 creatures vanquished

Notes
Turn   | Place    | Note
-------+----------+-------------------------------------------
     0 | D:1      | cbfl8 the Demonspawn Fighter began the quest for the Orb.
     0 | D:1      | Reached XP level 1. HP: 18/18 MP: 1/1
   235 | D:1      | Gained mutation: A meltable shield of frost defends you.
                  | (SH +4) [demonic ancestry]
   235 | D:1      | Reached XP level 2. HP: 24/24 MP: 2/2
   833 | D:2      | Found a faded altar of an unknown god.
   894 | D:2      | Gained mutation: You have a small tail. [demonic ancestry]
   894 | D:2      | Reached XP level 3. HP: 27/29 MP: 3/3
  1379 | D:3      | Found an iron altar of Okawaru.
  1380 | D:3      | Found a sparkling altar of Nemelex Xobeh.
  1406 | D:3      | Reached skill level 1 in Evocations
  1406 | D:3      | HP: 1/29 [frozen (4)]
  1407 | D:3      | Frozen to death by an endoplasm

Illustrated notes

Levels and vault maps discovered:
D:1:      saegor_arrival_fortress, layout_loops_ring,
          hangedman_abyss_or_decor_stabs, wander_ebering_terrifying_dragon_lair
D:2:      layout_rooms, nicolae_ecumenical_lake_church,
          chequers_serial_rivers_micro_b, serial_bayou_ford_a,
          nicolae_grassy_gnolls
D:3:      kennysheep_slugbush, layout_loops_ring,
          mainiacjoe_overflow_large_starburst, gup_sewer_entry_bubbles

Skill      XL: |  1  2  3 |
---------------+----------+-----
Axes           | 2 |  2.4
Evocations     | 1 |  1.0
Fighting       | |  3.1
Armour         | |  2.9
Dodging        | |  0.5
Stealth        | |  0.3
Shields        | |  2.8
Invocations    | |  0.7

Action                   || total
-------------------------++-------
Melee: War axe           ||    79
       Tailslap          ||     3
  Use: Scroll            ||     4
       Potion            ||     3
Armor: Scale mail        ||    39
Dodge: Dodged            ||    37
Block: Buckler           ||    42
